 Dungeon Crawl Stone Soup version 0.24.1-11-gbbbb2193e6 (webtiles) character file.

Game seed: 1533931726027739688, levelgen mode: deterministic

37 Gwenloh the Magician (level 3, 0/31 HPs)
             Began as a Naga Wizard on May 11, 2020.
             Slain by an adder (3 damage)
             ... on level 2 of the Dungeon.
             The game lasted 00:05:34 (1636 turns).

Gwenloh the Magician (Naga Wizard)                  Turns: 1636, Time: 00:05:34

Health: 0/31       AC:  2    Str:  9    XL:     3   Next: 41%
Magic:  2/7        EV: 10    Int: 19    God:
Gold:   28         SH:  0    Dex:  9    Spells: 0/8 levels left

rFire    . . .     SeeInvis +   e - +0 club
rCold    . . .     Gourm    .   (no shield)
rNeg     . . .     Faith    .   a - +0 robe
rPois    +         Spirit   .   b - +0 hat
rElec    .         Reflect  .   (no cloak)
rCorr    .         Harm     .   (no gloves)
MR       .....                  (no barding)
Stlth    ++........             (no amulet)
HPRegen  0.10/turn              (no ring)
MPRegen  0.10/turn              (no ring)

@: lethally poisoned (0 -> -6), very slightly contaminated, very slow
A: large, see invisible, deformed body, poison resistance, slowness 2, slow
metabolism 1, spit poison 1, AC +1
a: Spit Poison


You were on level 2 of the Dungeon.
You were not hungry.

You visited 1 branch of the dungeon, and saw 2 of its levels.

You collected 28 gold pieces.

Inventory:

Hand Weapons
 e - a +0 club (weapon)
Armour
 a - a +0 robe (worn)
 b - a +0 hat (worn)
Scrolls
 c - a scroll of random uselessness {unknown}
 f - 2 scrolls of remove curse {unknown}
 h - a scroll of fog {unknown}
Potions
 i - 2 potions of lignification {unknown}
Comestibles
 d - 6 rations
 g - 2 chunks of flesh


   Skills:
 + Level 1.2 Fighting
 - Level 1.5 Dodging
 - Level 3.0 Stealth
 + Level 3.3 Spellcasting
 * Level 2.3 Conjurations
 - Level 1.0 Summonings
 - Level 1.0 Translocations


You couldn't memorise any spells.
You knew the following spells:

 Your Spells              Type           Power        Failure   Level  Hunger
a - Magic Dart            Conj           ##..         5%          1    None
b - Blink                 Tloc           N/A          14%         2    ##.....
c - Call Imp              Summ           #.......     14%         2    ##.....
d - Conjure Flame         Conj/Fire      #.......     26%         3    ###....

Your spell library contained the following spells:

 Spells                   Type           Power        Failure   Level  Hunger
 Slow                     Hex            #.......     22%         2    ##.....
 Mephitic Cloud           Conj/Pois/Air  #.......     32%         3    ###....


Dungeon Overview and Level Annotations

Branches:
Dungeon (2/15)

Altars:


Innate Abilities, Weirdness & Mutations

You cannot wear boots.
Your serpentine skin is tough. (AC +1)
You have supernaturally acute eyesight. (SInv)
Armour fits poorly on your strangely shaped body.
Your system is resistant to poisons. (rPois)
You cover ground very slowly.
You have a slow metabolism.
You can spit poison.


Message History

Your crimson imp disappears in a puff of smoke!
The adder bites you.
* * * LOW HITPOINT WARNING * * *
You barely miss the adder.
The adder is almost dead.
The adder barely misses you. x2
You miss the adder.
The adder is almost dead.
The adder bites you.
* * * LOW HITPOINT WARNING * * *
You are lethally poisoned!
The adder poisons you! The adder bites you.
* * * LOW HITPOINT WARNING * * *
Unknown command.
Unknown command.
You barely miss the adder.
The adder is almost dead.
* * * LOW HITPOINT WARNING * * *
You feel sick. The adder bites you.
You die...

##.####### #.
.......S.#
#.###.#####@# #.#
#.# #.# #.# #.#
#.# # #.# #.# #.#
#.#.# #.#####.#
#.#.###....##.#
#.......##.##.#
######.###.##.##.#
.......###.##.##.#


You could see an adder.

Vanquished Creatures
  An ooze (D:1)
  3 leopard geckos (D:1)
  3 bats
  3 giant cockroaches (D:1)
  3 goblins (D:1)
  6 hobgoblins
  2 frilled lizards
  2 kobolds (D:1)
  4 rats (D:1)
27 creatures vanquished.

Notes
Turn   | Place    | Note
-------+----------+-------------------------------------------
     0 | D:1      | Gwenloh the Naga Wizard began the quest for the Orb.
     0 | D:1      | Reached XP level 1. HP: 15/15 MP: 4/4
   318 | D:1      | Reached XP level 2. HP: 22/24 MP: 1/6
   364 | D:1      | Learned a level 2 spell: Blink
   367 | D:1      | Learned a level 2 spell: Call Imp
   728 | D:1      | Reached skill level 1 in Fighting
   908 | D:1      | Reached XP level 3. HP: 31/31 MP: 4/7
  1620 | D:2      | Learned a level 3 spell: Conjure Flame
  1636 | D:2      | Slain by an adder

Levels and vault maps discovered:
D:1:      ncdulo_watergridlock, layout_basic, st_stairs_12,
          hangedman_decor_peaks_small
D:2:      cheibrodos_old_hovel, layout_loops_ring

Skill      XL: |  1  2 |
---------------+-------+-----
Fighting       | 1 |  1.2
Conjurations   | 2 |  2.3
Dodging        | |  1.5
Stealth        | |  3.0
Spellcasting   | |  3.3
Summonings     | |  1.0
Translocations | |  1.0

Action                   || total
-------------------------++-------
Melee: Club              ||    18
       Unarmed           ||     1
 Cast: Magic Dart        ||    64
       Call Imp          ||     1
 Abil: Spit Poison       ||     3
  Eat: Chunk             ||     1
Armor: Robe              ||     7
Dodge: Dodged            ||    21
